 Dungeon Crawl Stone Soup version 0.30-a0-726-gd89dcf765f (webtiles) character file.

Game seed: 7675049755663485764

6357 hikkokomori the Carver (level 11, 0/86 HPs)
             Began as a Human Gladiator on Jan 30, 2023.
             Was a Priest of Okawaru.
             Slain by a manticore (13 damage)
             ... on level 9 of the Dungeon.
             The game lasted 00:14:52 (6829 turns).

hikkokomori the Carver (Human Gladiator)            Turns: 6829, Time: 00:14:52

Health: 0/86       AC: 13    Str: 14    XL:     11   Next: 17%
Magic:  9/11       EV: 20    Int: 10    God:    Okawaru [***...]
Gold:   262        SH:  0    Dex: 18    Spells: 10/10 levels left

rFire   + . .      SeeInvis .    a - +1 long sword (venom)
rCold   . . .      Faith    .    (no shield)
rNeg    . . .      Spirit   .    P - +2 leather armour {rF+}
rPois   .          Reflect  .    c - +0 helmet
rElec   .          Harm     .    (no cloak)
rCorr   .          Rampage  .    b - +1 pair of gloves {Stlth+}
Will    .....                    (no boots)
Stlth   ++++++                   x - amulet of regeneration
HPRegen 1.14/turn                r - ring of flight
MPRegen 0.12/turn                E - +4 ring of protection

@: about to teleport, heroic, flying
A: no striking features
a: Renounce Religion, Heroism


You were on level 9 of the Dungeon.
You worshipped Okawaru.
Okawaru was most pleased with you.
You visited 2 branches of the dungeon, and saw 11 of its levels.

You collected 328 gold pieces.
You spent 66 gold pieces at shops.

Inventory:

Hand Weapons
 a - a +1 long sword of venom (weapon)
 N - a +1 heavy scimitar
Missiles
 e - a javelin
Armour
 b - a +1 pair of gloves of stealth (worn)
 c - a +0 helmet (worn)
 d - a +2 robe of cold resistance
 h - a +0 ring mail
 B - a +0 plate armour
 J - a scarf of harm
 P - a +2 leather armour of fire resistance (worn)
Jewellery
 r - a ring of flight (left hand)
 x - an amulet of regeneration (around neck)
 E - a +4 ring of protection (right hand)
 F - a +6 ring of intelligence
Wands
 p - a wand of flame (12) (quivered)
Scrolls
 g - a scroll of noise
 i - 2 scrolls of enchant weapon
 j - a scroll of poison {unknown}
 k - a scroll of immolation
 m - a scroll of fog {unknown}
 t - a scroll of magic mapping {unknown}
 v - 2 scrolls of vulnerability
 z - a scroll of amnesia {unknown}
 K - a scroll of teleportation
 L - a scroll of enchant armour {unknown}
 O - 2 scrolls of brand weapon
Potions
 f - 2 potions of cancellation
 l - a potion of attraction
 n - a potion of magic
 o - 2 potions of ambrosia
 q - 7 potions of curing
 s - 3 potions of mutation
 u - 4 potions of heal wounds
 w - 2 potions of berserk rage
 A - 3 potions of might
 D - a potion of haste
 G - 2 potions of invisibility
 H - a potion of degeneration
 I - a potion of brilliance {unknown}


   Skills:
 + Level 7.8(12.8) Fighting
 + Level 8.1(13.1) Long Blades
 - Level 2.7(7.7) Throwing
 + Level 8.1(13.1) Dodging
 + Level 7.7(12.7) Stealth
 + Level 6.2 Evocations


You had 10 spell levels left.
You didn't know any spells.
Your spell library was empty.

Dungeon Overview and Level Annotations

Branches:
Dungeon (10/15)            Temple (1/1) D:7            Lair (0/5) D:9
    Orc: D:9-12

Altars:
Ashenzari
Fedhas
Gozag
Kikubaaqudgha
Nemelex Xobeh
Okawaru
Qazlal
Trog
Uskayaw
Vehumet
Yredelemnul
Zin
The Shining One
Jiyva

Shops:
D:6 !   D:9 (?=

Annotations:
D:4 2 transporters, SpyderV's ghost, amateur MiBe
D:7 2 transporters, Newt's ghost, novice DsGl
D:8 3 runed translucent doors, jimonade's ghost, novice VSGl


Message History

Okawaru accepts your kill. The manticore bites you.
The manticore closely misses you. The manticore claws you.
* * * LOW HITPOINT WARNING * * *
The howler monkey hoots and howls with incredible vigour!
You hear two shouts!
You hit the manticore but do no damage. The manticore bites you.
* * * LOW HITPOINT WARNING * * *
The manticore closely misses you. The manticore barely misses you.
You hit the manticore.
The manticore is lightly wounded.
The manticore closely misses you. x3
As you read the scroll labelled PECO GEFFEU, it crumbles to dust.
It is a scroll of brand weapon.
Your +1 long sword drips with poison.
a - a +1 long sword of venom (weapon)
The killer bee closely misses you. The killer bee barely misses you.
The manticore barely misses you. The manticore completely misses you.
The manticore claws you but does no damage.
The howler monkey hoots and howls with incredible vigour!
You hear two shouts!
You hear a roar!
You hear a loud, deep croak!
You hear a shout! x4
Unknown command.
You slash the killer bee!
The killer bee is poisoned.
The killer bee is severely wounded.
The killer bee stings you but does no damage.
The manticore barely misses you. The manticore completely misses you.
The manticore barely misses you. The killer bee misses you.
The manticore attacks as you move away! The manticore bites you!
* * * LOW HITPOINT WARNING * * *
The manticore closely misses you. x2
You kill the killer bee!
Okawaru accepts your kill.
The howler monkey hoots and howls with incredible vigour!
You hear a shout! x2; You hear a roar!
You hear an angry buzzing noise.
You hear a shout!
You hear a horrible gurgling sound!
As you read the scroll labelled VEM BU RALIXIRPH, it crumbles to dust.
You feel strangely unstable.
It was a scroll of teleportation.
The manticore bites you!
You die...

.#..#.##...#.###.#
........♣∩♣......>#
.#.........#.# #.#
#:......#♣#.#.###.#####
#..#....)......†.......
.#..#....)##.#.###.#....
..........##.#.# #.#.#.#
........H)...#.# #......
#.....@.#.....# #.#.#.#
#.......h.....# #.#....
#..o..###.h.### #.#####
....#####.h...## #)# #
.#.. #.......# #.# # ..
##.......###†##### .
#........)........
#...h........#####
#.....>.....#.##...


You could see a manticore, an orc warrior and 2 howler monkeys.

Vanquished Creatures
  A two-headed ogre (D:9)
  Psyche (D:9)
  A hornet (D:7)
  Prince Ribbit (D:5)
  6 yaks (D:7)
  4 steam dragons
  3 wargs (D:9)
  A water moccasin (D:6)
  2 orc warriors
  2 ice beasts
  A black bear (D:5)
  An ogre (D:4)
  3 centaurs
  A phantom (D:6)
  3 kobold brigands
  5 bullfrogs
  A necrophage (D:6)
  5 scorpions
  5 wights (D:8)
  A killer bee (D:9)
  7 howler monkeys
  A jelly (D:5)
  4 hounds
  A gnoll bouda (D:8)
  4 orc priests
  6 iguanas
  11 orc wizards
  A hound zombie (D:3)
  3 gnolls (D:8)
  6 adders
  3 white imps
  An adder zombie (D:3)
  5 worms (D:2)
  A dart slug (D:4)
  26 orcs
  6 bats
  6 endoplasms
  3 giant cockroaches
  5 goblins
  4 hobgoblins
  6 jackals
  12 kobolds
  3 quokkas
  4 ball pythons
  A ball python skeleton (D:3)
  2 frilled lizards (D:1)
  5 rats
185 creatures vanquished.

Vanquished Creatures (others)
  8 plants (D:9)
  4 withered plants
12 creatures vanquished.

Grand Total: 197 creatures vanquished

Notes
Turn   | Place    | Note
-------+----------+-------------------------------------------
     0 | D:1      | hikkokomori the Human Gladiator began the quest for the
                  | Orb.
     0 | D:1      | Reached XP level 1. HP: 16/16 MP: 1/1
   232 | D:1      | Reached XP level 2. HP: 17/22 MP: 2/2
   524 | D:1      | Reached XP level 3. HP: 27/27 MP: 3/3
   550 | D:2      | Found a faded altar of an unknown god.
   646 | D:2      | Found an ancient bone altar of Kikubaaqudgha.
  1245 | D:2      | Reached XP level 4. HP: 16/34 MP: 4/4
  1609 | D:3      | Identified a scroll of acquirement
  1609 | D:3      | Acquired a +1 pair of gloves of stealth
  1690 | D:3      | Found a sparkling altar of Nemelex Xobeh.
  1934 | D:3      | Found a broken altar of Ashenzari.
  1960 | D:3      | Noticed a bullfrog
  1976 | D:3      | Killed a bullfrog
  1977 | D:3      | Reached skill level 1 in Stealth
  1977 | D:3      | Reached XP level 5. HP: 28/41 MP: 5/5
  2398 | D:4      | Reached XP level 6. HP: 47/47 MP: 6/6
  2431 | D:4      | Found a transporter.
  2438 | D:4      | Noticed SpyderV's ghost (amateur MiBe)
  2446 | D:4      | Found a glowing golden altar of the Shining One.
  2663 | D:4      | Noticed an ogre
  2668 | D:4      | Killed an ogre
  2851 | D:4      | Found a transporter.
  2900 | D:4      | Reached XP level 7. HP: 48/53 MP: 7/7
  3096 | D:5      | Entered Level 5 of the Dungeon
  3128 | D:5      | Noticed Prince Ribbit
  3152 | D:5      | Killed Prince Ribbit
  3253 | D:5      | Reached skill level 5 in Long Blades
  3253 | D:5      | Reached skill level 5 in Dodging
  3253 | D:5      | Reached XP level 8. HP: 59/61 MP: 8/8
  3283 | D:5      | Reached skill level 1 in Evocations
  3663 | D:5      | Reached skill level 5 in Fighting
  4189 | D:6      | Reached XP level 9. HP: 68/68 MP: 9/9
  4255 | D:6      | Found Qebyete's Distillery.
  4304 | D:6      | Reached skill level 5 in Stealth
  4556 | D:7      | Found a transporter.
  4676 | D:7      | Found a hide-covered altar of Uskayaw.
  4703 | D:7      | Noticed a hornet
  4714 | D:7      | Killed a hornet
  4829 | D:7      | Found a staircase to the Ecumenical Temple.
  4851 | Temple   | Entered the Ecumenical Temple
  4863 | Temple   | Became a worshipper of Warmaster Okawaru
  4965 | D:7      | Reached XP level 10. HP: 67/77 MP: 10/10
  5013 | D:7      | Reached * piety under Okawaru
  5025 | D:7      | Reached skill level 5 in Evocations
  5116 | D:7      | Noticed a moth of wrath
  5116 | D:7      | Noticed Newt's ghost (novice DsGl)
  5121 | D:7      | Found a bloodstained altar of Trog.
  5143 | D:7      | Found a transporter.
  5719 | D:8      | Found a runed translucent gate.
  5721 | D:8      | Found a runed translucent gate.
  5721 | D:8      | Found a runed translucent gate.
  5884 | D:8      | Noticed jimonade's ghost (novice VSGl)
  5890 | D:8      | Found a viscous altar of Jiyva.
  5946 | D:8      | Found a glowing silver altar of Zin.
  6016 | D:8      | Found a blossoming altar of Fedhas.
  6165 | D:8      | Reached ** piety under Okawaru
  6293 | D:9      | Found Xosamaxi's Weapon Shoppe.
  6317 | D:9      | Found Vuilid's Magic Scroll Boutique.
  6325 | D:9      | Bought a scroll of identify for 22 gold pieces
  6325 | D:9      | Bought a scroll of fear for 44 gold pieces
  6383 | D:9      | Noticed Psyche
  6394 | D:10     | Entered Level 10 of the Dungeon
  6455 | D:9      | Found an ancient bone altar of Kikubaaqudgha.
  6548 | D:9      | Found a staircase to the Lair.
  6556 | D:9      | Noticed a two-headed ogre
  6591 | D:9      | Killed a two-headed ogre
  6592 | D:9      | Reached XP level 11. HP: 83/84 MP: 11/11
  6629 | D:9      | Reached *** piety under Okawaru
  6657 | D:9      | Killed Psyche
  6680 | D:9      | HP: 4/85 [orc priest/divine providence (14)]
  6787 | D:9      | Found Johyi's Jewellery Emporium.
  6808 | D:9      | Noticed a manticore
  6829 | D:9      | Slain by a manticore

Illustrated notes

Levels and vault maps discovered:
D:1:      saegor_arrival_simple_e, layout_basic
D:2:      layout_basic, basic_altar, serial_glass, glass_columns_a,
          glass_columns_b, nicolae_ecumenical_pavilion, feat_on_display
D:3:      layout_loops_ring, nemelex_spade_bored_becter,
          nicolae_ashenzari_skybound, serial_undead, serial_undead_f,
          serial_undead_f, serial_undead_e, serial_undead_a,
          small_statue_intersection
D:4:      layout_gridville, mainiacjoe_overflow_cross_hatched,
          gammafunk_ghost_stat_death
D:5:      layout_basic, uniq_prince_ribbit1
D:6:      layout_loops_cross, serial_shops, nicolae_shop_hallway_plus
D:7:      layout_loops_ring, mainiacjoe_overflow_paths, temple_pool_b,
          gammafunk_ghost_wrathful_warriors
D:8:      layout_rooms, amcnicky_altar_gilded,
          mainiacjoe_overflow_concentric_impassable, gammafunk_ghost_ooze
D:9:      nzn_winding_woodlands_large [nzn_winding_woodlands_5x5_default,
          nzn_winding_woodlands_5x15_concentric,
          nzn_winding_woodlands_hourglass, nzn_winding_woodlands_center_garden,
          nzn_winding_woodlands_15x15_killbox,
          nzn_winding_woodlands_center_pierced_h,
          nzn_winding_woodlands_5x5_open_star,
          nzn_winding_woodlands_5x15_pockets,
          nzn_winding_woodlands_5x5_checkerboard], layout_basic,
          kiku_gazebo_garden_becter, erik_lair_orcish_takeover, serial_shops,
          shop, shop, nicolae_shop_trees, serial_glass, glass_columns_a,
          glass_columns_a, uniq_psyche, uniq_amaemon
D:10:     layout_loops_ring, elyvilon_altar_4, kennysheep_mini, orc_0_dummy,
          hangedman_stone_soup, due_unseen_surprise, uniq_maurice
Temple:   compressed_dpeg_triangle_lava_temple

Skill      XL: |  1  2  3  4  5  6  7  8  9 10 11 |
---------------+----------------------------------+-----
Fighting       | 3 4 5 6 7 |  7.8
Stealth        | 1 2 3 4 6 7 |  7.7
Long Blades    | 4 5 6 7 8 |  8.1
Dodging        | 4 5 6 7 8 |  8.1
Evocations     | 2 4 5 6 |  6.2
Throwing       | |  2.7

Action                     |  1- 3 |  4- 6 |  7- 9 | 10-12 || total
---------------------------+-------+-------+-------+-------++-------
  Melee: Long sword        |   135 |   112 |   312 |   345 ||   904
         Punch             |     2 |     1 |     4 |     5 ||    12
  Throw: Throwing net      |       |       |     5 |     1 ||     6
 Invoke: Heroism           |       |       |       |     1 ||     1
  Evoke: Wand              |       |     5 |     8 |     2 ||    15
    Use: Scroll            |       |     8 |     5 |     9 ||    22
         Potion            |       |     2 |       |       ||     2
   Stab: Sleeping          |       |     2 |     8 |     5 ||    15
         Held in net/web   |       |       |     1 |     1 ||     2
         Invisible         |       |       |     2 |     1 ||     3
 Armour: Leather armour    |    10 |       |       |    66 ||    76
         Ring mail         |    59 |    59 |   137 |    98 ||   353
  Dodge: Dodged            |    78 |    75 |   204 |   317 ||   674

Table legend: (Time is in decaauts)
 A = Elapsed time spent in this place.
 B = Non-inter-level travel time spent in this place.
 C = Inter-level travel time spent in this place.
 D = Time resting spent in this place.
 E = Time spent auto-exploring this place.
 F = Levels seen in this place.
 G = Mean time per level.
                   A        B        C        D        E       F      G
               +--------+--------+--------+--------+--------+-----+--------+
         Total |   6929 |   6750 |    179 |     76 |   4757 |  11 |  629.9 |
       Dungeon |   6910 |   6731 |    179 |     76 |   4757 |  10 |  691.0 |
        Temple |     19 |     19 |      0 |      0 |      0 |   1 |   19.0 |
               +--------+--------+--------+--------+--------+-----+--------+

Top non-repeatable levels by time:
     D:2: 1069 daAuts
     D:7: 1014 daAuts
     D:3: 782 daAuts
     D:6: 763 daAuts
     D:4: 735 daAuts
     D:8: 718 daAuts
     D:5: 704 daAuts
     D:1: 565 daAuts
     D:9: 522 daAuts
    D:10: 33 daAuts
  Temple: 19 daAuts
